 Dungeon Crawl Stone Soup version 0.30-a0-1018-g25214051b3 (webtiles) character file.

Game seed: 14615771249889448521

6170 BlueFish the Covert (level 10, 0/66 HPs)
             Began as an Octopode Warper on Apr 7, 2023.
             Was an Elder of Cheibriados.
             Shot with an arrow by a centaur (8 damage)
             ... on level 9 of the Dungeon.
             The game lasted 00:21:35 (10645 turns).

BlueFish the Covert (Octopode Warper)              Turns: 10645, Time: 00:21:35

Health: 0/66       AC:  2    Str: 23    XL:     10   Next: 91%
Magic:  15/17      EV: 16    Int: 25    God:    Cheibriados [****..]
Gold:   268        SH:  0    Dex: 21    Spells: 5/18 levels left

rFire   . . .      SeeInvis .      - Unarmed
rCold   . . .      Faith    .    (no shield)
rNeg    + . .      Spirit   .    A - +1 hat
rPois   .          Reflect  .    H - amulet of regeneration
rElec   .          Rampage  .    h - +4 ring of slaying
rCorr   .                        y - ring of positive energy
Will    .....                    I - +4 ring of slaying
Stlth   ++++++                   (no ring)
HPRegen 1.11/turn                (no ring)
MPRegen 0.15/turn                (no ring)
                                 (no ring)
                                 (no ring)

@: about to teleport, very slow
A: almost no armour, amphibious, 8 rings, camouflage 1, gelatinous body 1,
(nimble swimmer 1), tentacles
a: Renounce Religion, Bend Time, Temporal Distortion, Slouch


You were on level 9 of the Dungeon.
You worshipped Cheibriados.
Cheibriados was greatly pleased with you.
You visited 2 branches of the dungeon, and saw 10 of its levels.

You collected 568 gold pieces.
You spent 300 gold pieces at shops.

Inventory:

Missiles
 b - 7 boomerangs of dispersal
 d - 39 stones (quivered)
 k - 25 poisoned darts
 t - 3 boomerangs
 B - 2 throwing nets
Armour
 A - a +1 hat (worn)
Jewellery
 h - a +4 ring of slaying (left tentacle)
 y - a ring of positive energy (right tentacle)
 H - an amulet of regeneration (around mantle)
 I - a +4 ring of slaying (on tentacle)
Wands
 s - a wand of mindburst (4)
 w - a wand of digging (4)
 F - a wand of iceblast (9)
 G - a wand of charming (8)
Scrolls
 a - 4 scrolls of blinking
 e - 8 scrolls of teleportation
 i - a scroll of vulnerability
 l - a scroll of magic mapping
 o - a scroll of fear {unknown}
 p - a scroll of torment
 v - a scroll of brand weapon {unknown}
 x - a scroll of enchant weapon {unknown}
 C - a scroll of amnesia {unknown}
 E - a scroll of poison {unknown}
Potions
 c - 4 potions of brilliance
 f - 2 potions of curing
 g - 4 potions of mutation
 j - 4 potions of lignification
 m - a potion of might {unknown}
 q - a potion of ambrosia {unknown}
 r - 2 potions of heal wounds {unknown}
 u - a potion of berserk rage {unknown}
 z - 2 potions of flight {unknown}
 D - 2 potions of attraction {unknown}
 J - 2 potions of haste {unknown}


   Skills:
 + Level 5.1 Fighting
 + Level 4.8 Throwing
 + Level 5.2 Dodging
 * Level 9.9 Stealth
 + Level 5.3 Unarmed Combat
 + Level 4.8 Spellcasting
 + Level 5.7 Translocations
 * Level 3.8 Transmutations
 * Level 3.7 Earth Magic
 + Level 4.3 Invocations
 + Level 4.5 Evocations


You had 5 spell levels left.
You knew the following spells:

 Your Spells              Type           Power      Damage    Failure   Level
a - Blink                 Tloc           68%        N/A       1%          2
b - Lesser Beckoning      Tloc           68%        N/A       1%          2
c - Teleport Other        Tloc           34%        N/A       2%          3
d - Statue Form           Tmut/Erth      16%        N/A       95%         6

Your spell library contained the following spells:

 Spells                   Type           Power      Damage    Failure   Level
 Sandblast                Erth           48%        2d12      1%          1
 Vhi's Electric Charge    Tloc/Air       40%        N/A       8%          3
 Manifold Assault         Tloc           34%        N/A       8%          4
 Shock                    Conj/Air       24%        1d4       9%          1
 Ignite Poison            Fire/Tmut/Pois 12%        N/A       16%         3
 Swiftness                Air            6%         N/A       26%         3
 Airstrike                Air            3%         2d(1-17)  63%         4
 Anguish                  Hex/Necr       3%         N/A       63%         4
 Cause Fear               Hex            3%         N/A       63%         4
 Sticky Flame             Conj/Fire      6%         2d3       63%         4
 Borgnjor's Vile Clutch   Necr/Erth      7%         N/A       73%         5
 Enfeeble                 Hex            3%         N/A       100%        7
 Ignition                 Fire           3%         3d4       100%        8


Dungeon Overview and Level Annotations

Branches:
Dungeon (9/15)             Temple (1/1) D:5            Lair (0/5) D:9
    Orc: D:9-12

Altars:
Ashenzari
Cheibriados
Dithmenos
Elyvilon
Gozag
Hepliaklqana
Makhleb
Qazlal
Sif Muna
Uskayaw
Vehumet
Xom
Yredelemnul
Zin
The Shining One

Shops:
D:2 (   D:3 [((   D:8 *

Annotations:
D:4 Edmund
D:5 Sigmund
D:8 exclusion: gargoyle, Prince Ribbit
D:9 exclusions: elephant and two-headed ogre, Erica


Innate Abilities, Weirdness & Mutations

You cannot wear most types of armour.
You are amphibious.
You can wear up to eight rings at the same time.
Your skin changes colour to match your surroundings (Stealth+).
Your rubbery body absorbs attacks. (AC +1, EV +1)
((You are camouflaged when in or above water. (Stealth+)))
You have tentacles for arms and can constrict up to eight enemies at once.


Message History

A centaur comes into view.
The orc warrior misses you.
You are confused.
You're too confused to cast spells.
You bump into the rock wall.
The orc warrior closely misses you.
You're too confused to move!
The orc warrior barely misses you.
You bump into the rock wall.
The orc warrior hits you from afar with a +0 glaive.
You feel better.
The centaur wields a +0 shortbow.
The centaur shoots an arrow.
The arrow hits you.
The orc warrior hits you from afar with a +0 glaive.
Something hits you. x2
Casting: Lesser Beckoning (safe; 1% risk of failure)
Confirm with . or Enter, or press ? or * to list all spells.
Aiming: Lesser Beckoning (safe; 1% risk of failure)
Press: ? - help, Shift-Dir - straight line, f - orc warrior
Aim: an orc warrior, wielding a +0 glaive and wearing a +0 chain mail (100% to hit)
Nothing appears to happen.
The centaur shoots an arrow.
The orc warrior hits you from afar with a +0 glaive!
The centaur shoots an arrow.
The arrow misses you. Something hits you but does no damage.
Casting: Lesser Beckoning (safe; 1% risk of failure)
Confirm with . or Enter, or press ? or * to list all spells.
Aiming: Lesser Beckoning (safe; 1% risk of failure)
Press: ? - help, Shift-Dir - straight line, f - centaur, p - orc warrior
Aim: a centaur, wielding a +0 shortbow (100% to hit)
Okay, then.
You miss something. You squeeze something!
Cheibriados appreciates the change of pace.
Reactivating autopickup.
You feel a bit more experienced.
The centaur shoots an arrow.
The arrow misses you.
The orc warrior hits you from afar with a +0 glaive!
Okay, then.
As you read the scroll of teleportation, it crumbles to dust.
You feel strangely unstable.
The centaur shoots an arrow.
The arrow misses you.
The orc warrior hits you from afar with a +0 glaive!!
* * * LOW HITPOINT WARNING * * *
The centaur shoots an arrow.
The arrow hits you!
You die...

**^* #.# #.# **,,,,,,,..O.##
#.###.###.#### ****,,,,.,*,*
#............# *,**,,,*,*
######...#....# *,o,.,**,*
.........#....# *##**#(.,..#***
......#.##....# *.#*.(..,....**
......#<......# *g#(((..,l.P..**
......##......####c....).,..P...#
......'.......÷.@)o......>Y......
......##.....÷####.......,......#
......##......# *.#.....,..P..**
############'## *##*....,....**,
# #.# ***#..,..#***,
#.#******,***.,.,,*,,,
#..,,,,,,,,,,,,,,,*,,,
###******,,,,,,,*,,,,, ###
*,,,,,,,***,*,


You could see an orc warrior and a centaur.

Vanquished Creatures
  A two-headed ogre (D:9)
  An elephant (D:9)
  A kobold demonologist (D:9)
  2 hornets
  5 yaks (D:9)
  2 basilisks (D:9)
  A steam dragon (D:8)
  3 water moccasins
  2 sky beasts (D:7)
  4 ice beasts
  2 orc warriors
  3 centaurs
  2 phantoms (D:6)
  3 bullfrogs
  2 kobold brigands (D:8)
  A gnoll sergeant (D:8)
  A scorpion (D:6)
  5 wights (D:6)
  8 killer bees (D:9)
  5 hounds
  A gnoll bouda (D:8)
  3 orc priests
  2 jellies
  5 iguanas
  11 orc wizards
  7 adders
  10 gnolls
  A white imp (D:5)
  3 worms
  3 dart slugs
  28 orcs
  5 bats
  6 endoplasms
  3 giant cockroaches
  6 goblins
  7 hobgoblins
  2 jackals (D:4)
  4 quokkas
  8 ball pythons
  4 frilled lizards
  36 kobolds
  8 rats
217 creatures vanquished.

Vanquished Creatures (others)
  4 fungi (D:9)
  9 plants
13 creatures vanquished.

Grand Total: 230 creatures vanquished

Notes
Turn   | Place    | Note
-------+----------+-------------------------------------------
     0 | D:1      | BlueFish the Octopode Warper began the quest for the Orb.
     0 | D:1      | Reached XP level 1. HP: 14/14 MP: 3/3
   159 | D:1      | Reached skill level 1 in Stealth
   159 | D:1      | Reached XP level 2. HP: 10/19 MP: 5/5
   168 | D:1      | Learned a level 2 spell: Blink
   171 | D:1      | Learned a level 2 spell: Lesser Beckoning
   542 | D:1      | Reached XP level 3. HP: 24/24 MP: 6/6
   559 | D:1      | Reached skill level 2 in Stealth
  1107 | D:2      | Found Sushetz's Weapon Shoppe.
  1169 | D:2      | Reached XP level 4. HP: 30/30 MP: 7/7
  1173 | D:2      | Learned a level 3 spell: Teleport Other
  1729 | D:3      | Found Jigrops's Weapon Boutique.
  2015 | D:3      | Found Gutykk's Antique Armour Emporium.
  2096 | D:3      | Reached skill level 3 in Stealth
  2101 | D:3      | Found Pisoujis's Antique Weapon Shop.
  2167 | D:3      | Reached XP level 5. HP: 30/35 MP: 8/8
  2925 | D:4      | Reached skill level 4 in Stealth
  2971 | D:4      | Found a glowing silver altar of Zin.
  3074 | D:4      | Noticed Edmund
  3112 | D:4      | Noticed a black bear
  3367 | D:4      | Reached XP level 6. HP: 41/41 MP: 8/10
  3655 | D:4      | Found a burning altar of Makhleb.
  4298 | D:5      | Entered Level 5 of the Dungeon
  4809 | D:5      | Noticed Sigmund
  4922 | D:5      | Reached skill level 5 in Stealth
  5058 | D:5      | Reached XP level 7. HP: 39/46 MP: 8/11
  5144 | D:5      | Found a staircase to the Ecumenical Temple.
  5157 | Temple   | Entered the Ecumenical Temple
  5157 | Temple   | Found a transporter.
  5157 | Temple   | Found a transporter.
  5159 | Temple   | Found a transporter.
  5159 | Temple   | Found a transporter.
  5185 | Temple   | Became a worshipper of Cheibriados the Contemplative
  5513 | D:5      | Found a stormy altar of Qazlal.
  6116 | D:6      | Reached skill level 1 in Evocations
  6135 | D:6      | Reached skill level 1 in Invocations
  6360 | D:6      | Reached skill level 6 in Stealth
  6360 | D:6      | Reached XP level 8. HP: 38/52 MP: 12/12
  6928 | D:6      | Reached skill level 7 in Stealth
  7116 | D:6      | Found a shimmering blue altar of Sif Muna.
  7250 | D:7      | Reached * piety under Cheibriados
  7264 | D:7      | Found a hazy altar of Hepliaklqana.
  7389 | D:7      | Found a radiant altar of Vehumet.
  7507 | D:7      | Reached XP level 9. HP: 24/58 MP: 4/14
  7624 | D:7      | Noticed a hornet
  8396 | D:7      | Killed a hornet
  8469 | D:8      | Reached skill level 8 in Stealth
  8525 | D:8      | Found Dybrovum's Elemental Accessories.
  8532 | D:8      | Bought the Spellbook of the Boulder for 300 gold pieces
  8539 | D:8      | Learned a level 6 spell: Statue Form
  8564 | D:8      | Noticed a gargoyle
  8783 | D:8      | Found a broken altar of Ashenzari.
  8803 | D:8      | Reached ** piety under Cheibriados
  8817 | D:8      | Reached skill level 1 in Transmutations
  8890 | D:8      | Reached skill level 1 in Earth Magic
  9016 | D:8      | Reached skill level 5 in Translocations
  9287 | D:8      | Noticed Prince Ribbit
  9423 | D:8      | Reached *** piety under Cheibriados
  9842 | D:9      | Noticed an elephant
  9855 | D:9      | Noticed a two-headed ogre
  9949 | D:9      | Noticed a hornet
  9956 | D:9      | Killed a hornet
  9957 | D:9      | Reached XP level 10. HP: 56/65 MP: 16/16
 10110 | D:9      | Reached skill level 9 in Stealth
 10211 | D:9      | Reached skill level 5 in Unarmed Combat
 10258 | D:9      | Noticed Erica
 10375 | D:9      | Found a shadowy altar of Dithmenos.
 10429 | D:9      | Killed an elephant
 10430 | D:9      | Reached skill level 5 in Dodging
 10487 | D:9      | Noticed a kobold demonologist
 10496 | D:9      | Killed a kobold demonologist
 10515 | D:9      | Reached skill level 5 in Fighting
 10636 | D:9      | Killed a two-headed ogre
 10638 | D:9      | Reached **** piety under Cheibriados
 10645 | D:9      | Shot with an arrow by a centaur

Illustrated notes

Levels and vault maps discovered:
D:1:      psy_arrival_basics, layout_basic
D:2:      layout_basic, serial_shops, shop_coins
D:3:      kennysheep_big_flooded_room, layout_basic, serial_shops,
          nicolae_shop_waterfront, nicolae_shop_behind_doors,
          nicolae_shop_waterfront, minmay_joined_circles
D:4:      layout_gridville, bloody_makhleb, nicolae_overflow_crystal_walls,
          uniq_edmund
D:5:      layout_layer_cave, nicolae_qazlal_eye_of_the_storm,
          minmay_temple_entry_statues_fountains, minmay_misc_feat_room,
          bh_walls_and_bars, uniq_sigmund
D:6:      layout_loops_ring, nicolae_sif_muna_little_library,
          minmay_a_box_with_orc_wizards_in_it
D:7:      layout_rooms, mainiacjoe_overflow_boulevard,
          nicolae_hepliaklqana_hippocampus
D:8:      kennysheep_kobold_camp, layout_rooms, ashenzari_altar_1, st_stairs_1,
          nicolae_elemental_shop, minmay_misc_feat_more_columns,
          uniq_prince_ribbit1
D:9:      layout_basic, minitemple, mainiacjoe_overflow_alcove_2,
          david_lair_generic, uniq_erica
Temple:   hellmonk_temple_divided_pantheon

Skill      XL: |  1  2  3  4  5  6  7  8  9 10 |
---------------+-------------------------------+-----
Stealth        | 1 2 3 4 5 6 7 8 9 |  9.9
Dodging        | 3 4 5 |  5.2
Throwing       | 2 3 4 |  4.8
Unarmed Combat | 3 4 5 |  5.3
Fighting       | 3 4 5 |  5.1
Spellcasting   | 3 4 |  4.8
Evocations     | 1 2 3 4 |  4.5
Invocations    | 1 2 3 4 |  4.3
Translocations | 4 5 |  5.7
Transmutations | 2 3 |  3.8
Earth Magic    | 2 3 |  3.7

Action                     |  1- 3 |  4- 6 |  7- 9 | 10-12 || total
---------------------------+-------+-------+-------+-------++-------
  Melee: Unarmed           |    65 |   135 |   228 |    66 ||   494
         Tentacles         |    18 |    24 |    69 |    21 ||   132
         Constrict         |    17 |    37 |    46 |    15 ||   115
         Punch             |     2 |     4 |     6 |     4 ||    16
  Throw: Stone             |     1 |     9 |    35 |     8 ||    53
         Dart              |       |       |    13 |     9 ||    22
         Boomerang         |       |       |       |     7 ||     7
   Cast: Teleport Other    |       |     3 |     5 |       ||     8
         Lesser Beckoning  |       |     1 |    21 |     6 ||    28
  Evoke: Wand              |       |       |     5 |       ||     5
    Use: Scroll            |       |     5 |     4 |     2 ||    11
         Potion            |       |       |       |     1 ||     1
   Stab: Sleeping          |    10 |    13 |       |     1 ||    24
 Armour: Skin              |     3 |     7 |    14 |     4 ||    28
  Dodge: Dodged            |    37 |    64 |   119 |    43 ||   263

Table legend: (Time is in decaauts)
 A = Elapsed time spent in this place.
 B = Non-inter-level travel time spent in this place.
 C = Inter-level travel time spent in this place.
 D = Time resting spent in this place.
 E = Time spent auto-exploring this place.
 F = Levels seen in this place.
 G = Mean time per level.
                   A        B        C        D        E       F      G
               +--------+--------+--------+--------+--------+-----+--------+
         Total |  12069 |  11497 |    572 |    194 |   9428 |  10 | 1206.9 |
       Dungeon |  12008 |  11448 |    560 |    194 |   9427 |   9 | 1334.2 |
        Temple |     60 |     48 |     12 |      0 |      1 |   1 |   60.0 |
               +--------+--------+--------+--------+--------+-----+--------+

Top non-repeatable levels by time:
     D:8: 1858 daAuts
     D:5: 1660 daAuts
     D:7: 1632 daAuts
     D:6: 1471 daAuts
     D:4: 1414 daAuts
     D:3: 1294 daAuts
     D:9: 1097 daAuts
     D:1: 887 daAuts
     D:2: 692 daAuts
  Temple: 60 daAuts
